 Dungeon Crawl Stone Soup version 0.29-a0-340-g6efceafd81 (webtiles) character file.

Game seed: 8058833539900435100

46 rabbitsville the Changer (level 3, -1/26 HPs)
             Began as a Barachi Transmuter on Apr 19, 2022.
             Slain by Terence
             ... wielding a +0 mace
              (9 damage)
             ... on level 2 of the Dungeon.
             The game lasted 00:03:14 (1662 turns).

rabbitsville the Changer (Barachi Transmuter)       Turns: 1662, Time: 00:03:15

Health: -1/26      AC:  2    Str: 13    XL:     3   Next: 66%
Magic:  7/7        EV: 12    Int: 13    God:
Gold:   48         SH:  0    Dex: 12    Spells: 7/8 levels left

rFire   . . .      SeeInvis .     - Unarmed
rCold   . . .      Faith    .   (no shield)
rNeg    . . .      Spirit   .   a - +0 robe
rPois   .          Reflect  .   (helmet currently unavailable)
rElec   .          Harm     .   (no cloak)
rCorr   .          Rampage  .   (no gloves)
Will    .....                   (boots currently unavailable)
Stlth   +.........              (no amulet)
HPRegen 0.08/turn               (no ring)
MPRegen 0.10/turn               (no ring)

@: confused, appendages (expiring), ambrosia-drunk, slow
A: horns 2, talons 2, amphibious, slowness 1, strong legs 1, +LOS
a: Hop, End Transformation


You were on level 2 of the Dungeon.
You had temporarily grown beastly horns and talons.
You visited 1 branch of the dungeon, and saw 2 of its levels.

You collected 48 gold pieces.

Inventory:

Armour
 a - a +0 robe (worn)
Jewellery
 i - a ring of protection from cold
Scrolls
 d - a scroll of noise {unknown}
 e - a scroll of teleportation {unknown}
 f - a scroll of amnesia {unknown}
 g - a scroll of magic mapping {unknown}
Potions
 b - a potion of lignification
 h - a potion of berserk rage {unknown}


   Skills:
 - Level 1.2 Fighting
 - Level 2.1 Dodging
 - Level 3.2 Unarmed Combat
 + Level 3.2 Spellcasting
 + Level 3.4 Transmutations


You had 7 spell levels left.
You knew the following spells:

 Your Spells              Type           Power      Damage    Failure   Level
a - Beastly Appendage     Tmut           20%        N/A       5%          1

Your spell library contained the following spells:

 Spells                   Type           Power      Damage    Failure   Level
 Wereblood                Tmut           10%        N/A       9%          2
 Animate Skeleton         Necr           4%         N/A       22%         1
 Pain                     Necr           8%         1d4       22%         1
 Spider Form              Tmut/Pois      6%         N/A       32%         3
 Vampiric Draining        Necr           2%         2d6       56%         3
 Ice Form                 Ice/Tmut       6%         N/A       73%         4


Dungeon Overview and Level Annotations

Branches:
Dungeon (2/15)

Altars:

Annotations:
D:2 Terence


Innate Abilities, Weirdness & Mutations

You have temporarily grown beastly horns and talons.
You are amphibious.
You cover ground slowly.
You can hop short distances.
You have an extended range of vision and can be seen from far away.


Message History

Terence the Incautious comes into view.
He is wielding a +0 mace.
The giant cockroach closely misses you.
You closely miss the giant cockroach.
You claw the giant cockroach, but do no damage.
You punch the giant cockroach.
The giant cockroach is almost dead.
The giant cockroach bites you but does no damage.
You hit the giant cockroach.
You kill the giant cockroach!
Terence shouts!
Your transformation is almost over.
You extend your transformation's duration.
Your transformation is almost over.
Terence hits you with a +0 mace!
You hit Terence but do no damage. You headbutt Terence.
Terence is lightly wounded.
Terence closely misses you.
You closely miss Terence. You claw Terence.
Terence is lightly wounded.
Terence misses you.
You barely miss Terence. Your kick misses Terence.
Your headbutt misses Terence.
Terence is lightly wounded.
Terence barely misses you.
You hit Terence but do no damage. You claw Terence, but do no damage.
Your headbutt misses Terence.
Terence is lightly wounded.
Terence hits you with a +0 mace!
You hit Terence but do no damage. You claw Terence, but do no damage.
Terence is lightly wounded.
Terence hits you with a +0 mace!
* * * LOW HITPOINT WARNING * * *
A giant cockroach comes into view.
You closely miss Terence. You claw Terence, but do no damage.
Terence is lightly wounded.
Terence closely misses you.
It was a potion of ambrosia.
You are confused.
You feel invigorated. Terence hits you with a +0 mace!
You die...

.....#..<# #..#
###.#...# #..#########
.......# #..........#
##.....####.#######.#
# #.....#....#
#..###.....#.########)
....................
#.?##.......########.
#.......@@....#
#...#..............#
..........#!###.####.#
#.#.#.....#.# .#
.........# .#
####.####.# . #. #B# #
## #.# ..#


You could see Terence and a giant cockroach.

Vanquished Creatures
  An adder (D:2)
  A dart slug (D:1)
  4 endoplasms (D:1)
  3 giant cockroaches
  3 goblins (D:1)
  4 hobgoblins
  4 jackals (D:1)
  2 kobolds (D:1)
  A quokka (D:1)
  A ball python (D:1)
  2 bats (D:1)
  2 frilled lizards (D:1)
  2 rats (D:1)
30 creatures vanquished.

Vanquished Creatures (others)
  5 plants (D:2)
5 creatures vanquished.

Grand Total: 35 creatures vanquished

Notes
Turn   | Place    | Note
-------+----------+-------------------------------------------
     0 | D:1      | rabbitsville the Barachi Transmuter began the quest for the
                  | Orb.
     0 | D:1      | Reached XP level 1. HP: 15/15 MP: 3/3
   341 | D:1      | Reached XP level 2. HP: 10/21 MP: 3/5
   834 | D:1      | Found a faded altar of an unknown god.
   885 | D:1      | Reached XP level 3. HP: 21/26 MP: 5/7
  1645 | D:2      | Noticed Terence
  1662 | D:2      | Slain by Terence

Illustrated notes

Levels and vault maps discovered:
D:1:      saegor_arrival_fortress, layout_loops_ring,
          chequers_ecumenical_altar_simple
D:2:      layout_basic, kennysheep_pointless_box, serial_bayou_lake_a,
          uniq_jessica, uniq_terence

Skill      XL: |  1  2  3 |
---------------+----------+-----
Transmutations | 3 |  3.4
Spellcasting   | 3 |  3.2
Fighting       | |  1.2
Dodging        | |  2.1
Unarmed Combat | |  3.2

Action                   || total
-------------------------++-------
Melee: Unarmed           ||    74
       Kick              ||    16
       Punch             ||     2
       Headbutt          ||    12
 Cast: Beastly Appendage ||    17
  Use: Potion            ||     1
Armor: Robe              ||    24
Dodge: Dodged            ||    45

Table legend: (Time is in decaauts)
 A = Elapsed time spent in this place.
 B = Non-inter-level travel time spent in this place.
 C = Inter-level travel time spent in this place.
 D = Time resting spent in this place.
 E = Time spent auto-exploring this place.
 F = Levels seen in this place.
 G = Mean time per level.
                   A        B        C        D        E       F      G
               +--------+--------+--------+--------+--------+-----+--------+
         Total |   1804 |   1786 |     18 |    122 |   1230 |   2 |  902.0 |
       Dungeon |   1804 |   1786 |     18 |    122 |   1230 |   2 |  902.0 |
               +--------+--------+--------+--------+--------+-----+--------+

Top non-repeatable levels by time:
     D:1: 1595 daAuts
     D:2: 209 daAuts
